 Dungeon Crawl Stone Soup version 0.21.1-1-g345015f (webtiles) character file.

72 letownia2 the Gusty (level 4, 0/24 HPs)
             Began as a Tengu Air Elementalist on Mar 4, 2018.
             Was an Initiate of Sif Muna.
             Killed by divine providence
             ... invoked by an orc priest
              (7 damage)
             ... on level 4 of the Dungeon.
             The game lasted 00:08:08 (636 turns).

letownia2 the Gusty (Tengu Air Elementalist)         Turns: 636, Time: 00:08:08

Health: 0/24       AC:  2    Str:  8    XL:     4   Next: 25%
Magic:  2/8        EV: 13    Int: 17    God:    Sif Muna [......]
Gold:   94         SH:  0    Dex: 14    Spells: 6/7 levels left

rFire    . . .     SeeInvis .   f - +0 spear
rCold    . . .     Gourm    .   (no shield)
rNeg     . . .     Faith    .   a - +0 robe
rPois    .         Spirit   .   (helmet restricted)
rElec    .         Reflect  .   (no cloak)
rCorr    .         Harm     .   (no gloves)
MR       .....                  (boots unavailable)
Stlth    ++........             (no amulet)
HPRegen  0.08/turn              (no ring)
MPRegen  0.11/turn              (no ring)

@: slowed, very slow
A: beak, talons 3
a: Renounce Religion


You were on level 4 of the Dungeon.
You worshipped Sif Muna.
Sif Muna was noncommittal.
You were not hungry.

You visited 1 branch of the dungeon, and saw 4 of its levels.

You collected 94 gold pieces.

Inventory:

Hand Weapons
 f - a +0 spear (weapon)
 o - a +0 long sword
Missiles
 n - 30 sling bullets
Armour
 a - a +0 robe (worn)
Wands
 p - a wand of polymorph (14)
Scrolls
 d - 2 scrolls of teleportation {unknown}
 e - a scroll of amnesia {unknown}
 g - a scroll of fear {unknown}
 m - 3 scrolls of identify {unknown}
Potions
 h - a potion of berserk rage {unknown}
 i - 2 potions of cancellation {unknown}
 j - 3 potions of flight {unknown}
 l - a potion of curing {unknown}
 q - a potion of degeneration {unknown}
 r - a potion of ambrosia {unknown}
Books
 b - a book of Air

   Spells                             Type                      Level
   a - Shock                          Conjuration/Air              1
   b - Swiftness                      Charms/Air                   2
   c - Static Discharge               Conjuration/Air              3
   d - Airstrike                      Air                          4
   e - Lightning Bolt                 Conjuration/Air              5
 k - a book of Misfortune

   Spells                             Type                      Level
   a - Confusing Touch                Hexes                        1
   b - Confuse                        Hexes                        3
   c - Gell's Gravitas                Translocation                3
   d - Petrify                        Transmutation/Earth          4
   e - Metabolic Englaciation         Hexes/Ice                    5
   f - Yara's Violent Unravelling     Hexes/Transmutation          5
Comestibles
 c - 2 rations


   Skills:
 - Level 2.3 Dodging
 - Level 2.0 Stealth
 - Level 2.2 Spellcasting
 + Level 4.1 Conjurations
 - Level 4.7 Air Magic


You had 6 spell levels left.
You knew the following spells:

 Your Spells              Type           Power        Failure   Level  Hunger
a - Shock                 Conj/Air       ###.         3%          1    #......


Dungeon Overview and Level Annotations

Branches:
Dungeon (4/15)
 Temple: D:4-7

Altars:
Makhleb
Okawaru
Qazlal
Ru
Sif Muna
Uskayaw
Zin


Innate Abilities, Weirdness & Mutations

You have a beak for a mouth.
You have claws for feet.


Message History

The orc priest is moderately wounded.
The zap hits the orc priest.
The orc priest is moderately wounded.
The orc wizard completely misses you.
Unknown command.
Unknown command.
Casting: Shock
Confirm with . or Enter, or press ? or * to list all spells.
Aiming: Shock
Press: ? - help, Shift-Dir - straight line The zap hits the orc wizard.
You kill the orc wizard!
Sif Muna accepts your kill.
Your Conjurations skill increases to level 4!
You have reached level 4!
You feel clever.
The zap hits the orc priest.
The orc priest is heavily wounded.
The orc priest calls down the wrath of Beogh upon you.
Beogh smites you!
You die...

#...# ... #...#....
##...#....# #
....... .#.#
#...####...
#<......(#
##........# #
#.........# ...
#@##......#
.....###o##......#
.[....)o...........#
..$.o###.#........##
... .....######.# .
#.#.### # . ... ##.#
#.#


You could see 2 orc priests.

Vanquished Creatures
  An orc wizard (D:4)
  2 adders
  A worm (D:3)
  A leopard gecko (D:3)
  2 orcs
  3 bats
  A giant cockroach (D:3)
  A hobgoblin (D:3)
  A quokka (D:2)
  A frilled lizard (D:2)
  4 kobolds
  2 rats
20 creatures vanquished.

Notes
Turn   | Place    | Note
-------+----------+-------------------------------------------
     0 | D:1      | letownia2 the Tengu Air Elementalist began the quest for the Orb.
     0 | D:1      | Reached XP level 1. HP: 10/10 MP: 4/4
    59 | D:2      | Found a glowing silver altar of Zin.
    83 | D:2      | Reached XP level 2. HP: 11/15 MP: 0/6
   325 | D:3      | Reached XP level 3. HP: 18/19 MP: 5/7
   460 | D:3      | Found a deep blue altar of Sif Muna.
   460 | D:3      | Found a sacrificial altar of Ru.
   460 | D:3      | Found a burning altar of Makhleb.
   461 | D:3      | Found an iron altar of Okawaru.
   461 | D:3      | Found a stormy altar of Qazlal.
   461 | D:3      | Found a hide-covered altar of Uskayaw.
   464 | D:3      | Became a worshipper of Sif Muna the Loreminder
   636 | D:4      | Reached XP level 4. HP: 7/24 MP: 2/8
   636 | D:4      | Killed from afar by an orc priest

Skill      XL: |  1  2  3 |
---------------+----------+-----
Conjurations   | 2 4 |  4.1
Dodging        | |  2.3
Stealth        | |  2.0
Spellcasting   | |  2.2
Air Magic      | |  4.7

Action                   |  1- 3 |  4- 6 || total
-------------------------+-------+-------++-------
Melee: Spear             |    17 |       ||    17
       Kick              |     1 |       ||     1
       Peck              |     1 |       ||     1
 Cast: Shock             |    32 |     1 ||    33
 Stab: Sleeping          |     1 |       ||     1
Armor: Robe              |     3 |       ||     3
Dodge: Dodged            |    14 |       ||    14
